 Dungeon Crawl Stone Soup version 0.27.1-3-gb3d3a73c9e (webtiles) character file.

Game seed: 7691469060031230959

6904 Turgor the Transmogrifier (level 10, 0/83 HPs)
             Began as a Demigod Transmuter on Oct 24, 2021.
             Slain by an orc warrior (5 damage)
             ... on level 9 of the Dungeon on Oct 25, 2021.
             The game lasted 01:04:57 (11204 turns).

Turgor the Transmogrifier (Demigod Transmuter)     Turns: 11204, Time: 01:04:58

Health: 0/83       AC: 10    Str: 15    XL:     10   Next: 50%
Magic:  21/25      EV: 17    Int: 23    God:
Gold:   429        SH:  0    Dex: 14    Spells: 11/24 levels left

rFire    . . .     SeeInvis .   g - +2 dagger (drain)
rCold    . . .     Faith    .   (no shield)
rNeg     . . .     Spirit   .   D - +0 steam dragon scales
rPois    .         Reflect  .   J - +1 hat
rElec    .         Harm     .   z - +1 cloak
rCorr    .         Rampage  .   (no gloves)
Will     +....                  f - +1 pair of boots
Stlth    +.........             (no amulet)
HPRegen  0.23/turn              B - +4 ring of evasion
MPRegen  0.19/turn              (no ring)

@: confusing by touch
A: high mp 1, forlorn
a: no special abilities


You were on level 9 of the Dungeon.
You visited 2 branches of the dungeon, and saw 10 of its levels.

You collected 598 gold pieces.
You spent 169 gold pieces at shops.

Inventory:

Hand Weapons
 b - a +2 spear of flaming
 g - a +2 dagger of draining (weapon)
 h - a +0 hunting sling
 i - a +0 dagger of holy wrath
 q - a +1 rapier of distortion
 s - a +1 dagger of venom
 I - a +1 vampiric short sword
Missiles
 e - 316 stones
 m - a curare-tipped dart
 o - 18 poisoned darts (quivered)
 t - 7 javelins
 v - 14 atropa-tipped darts
Armour
 f - a +1 pair of boots (worn)
 z - a +1 cloak (worn)
 A - a +0 chain mail of willpower
 D - +0 steam dragon scales (worn)
 J - a +1 hat (worn)
Jewellery
 B - a +4 ring of evasion (left hand)
 H - the ring of Keseu {rPois Will- MP+9 Int+4 Dex+3}
   (You found it on level 7 of the Dungeon)

   [ring of magical power]

   Int:       It affects your intelligence (+4).
   Dex:       It affects your dexterity (+3).
   rPois:     It protects you from poison.
   MP:        It affects your magic capacity (+9).
   Will:      It decreases your willpower.
Wands
 a - a wand of flame (13)
 y - a wand of digging (6)
Scrolls
 c - a scroll of immolation
 d - 6 scrolls of teleportation
 j - 2 scrolls of amnesia
 k - a scroll of acquirement
 l - a scroll of enchant armour
 n - a scroll of magic mapping
 x - a scroll of blinking
 C - a scroll of enchant weapon {unknown}
 E - a scroll of fear {unknown}
 F - 2 scrolls of brand weapon {unknown}
Potions
 p - a potion of magic
 r - 4 potions of attraction
 u - 3 potions of haste
 w - a potion of curing
 G - a potion of flight


   Skills:
 + Level 5.6 Fighting
 + Level 5.5 Short Blades
 + Level 3.7 Dodging
 - Level 3.1 Unarmed Combat
 * Level 7.7 Spellcasting
 * Level 4.1 Hexes
 * Level 8.4 Transmutations


You had 11 spell levels left.
You knew the following spells:

 Your Spells              Type           Power      Damage    Failure   Level
a - Beastly Appendage     Tmut           94%        N/A       1%          1
b - Wereblood             Tmut           47%        N/A       1%          2
c - Spider Form           Tmut/Pois      14%        N/A       3%          3
d - Confusing Touch       Hex            28%        N/A       3%          3
e - Passwall              Tmut/Erth      23%        N/A       1%          2
f - Slow                  Hex            28%        N/A       1%          2

Your spell library contained the following spells:

 Spells                   Type           Power      Damage    Failure   Level
 Ice Form                 Ice/Tmut       28%        N/A       13%         4
 Gell's Gravitas          Tloc           4%         N/A       22%         3
 Swiftness                Air            8%         N/A       22%         3
 Teleport Other           Tloc           8%         N/A       22%         3
 Vampiric Draining        Necr           4%         2d6       22%         3
 Invisibility             Hex            14%        N/A       89%         6
 Dispersal                Tloc           4%         N/A       100%        6


Dungeon Overview and Level Annotations

Branches:
Dungeon (9/15)             Temple (1/1) D:4
   Lair: D:8-11         Orc: D:9-12

Shops:
D:1 [[   D:3 !   D:5 (


Innate Abilities, Weirdness & Mutations

Your attributes grow dramatically as you level up.
You have an increased reservoir of magic. (+10% MP)
You shall have no god before yourself.


Message History

You start resting.
You howl as the wereblood boils in your veins!
Your primal bloodlust has ended.
You start resting.
An orc warrior is nearby!
Casting: Slow (safe; 1% risk of failure)
Confirm with . or Enter, or press ? or * to list all spells.
Your hands begin to glow red.
You barely miss the orc warrior. Your kick misses the orc warrior.
You headbutt the orc warrior, but do no damage.
Your transformation is almost over.
The orc warrior completely misses you.
You hit the orc warrior but do no damage.
You hit the orc warrior but do no damage.
The orc warrior appears confused.
You claw the orc warrior, but do no damage.
The orc warrior hits you with a +0 trident!
* * * LOW HITPOINT WARNING * * *
You hit the orc warrior but do no damage.
You claw the orc warrior, but do no damage.
You hit the orc warrior but do no damage.
You drain the orc warrior.
You claw the orc warrior, but do no damage.
You headbutt the orc warrior, but do no damage.
The orc warrior is lightly wounded.
The orc warrior closely misses you.
You hit the orc warrior but do no damage.
You claw the orc warrior, but do no damage.
The orc warrior is lightly wounded.
You hit the orc warrior.
You claw the orc warrior, but do no damage.
The orc warrior is moderately wounded.
Your horns disappear.
Your talons disappear.
Your +1 hat unmelds from your body.
Your +1 pair of boots unmelds from your body.
Casting: Confusing Touch (mildly dangerous; 3% risk of failure)
Confirm with . or Enter, or press ? or * to list all spells.
Your hands begin to glow red.
The orc warrior hits you with a +0 trident.
You die...

#)## #.##
##.########
###
#.oo.....#
##.#
#######...
#..# ##..
#..#
#####...
#.o##
##.......
#@#.##
##.#####..
#.###.##
#.## ##.. ##
##.###.#
##..#
##....#
##.###
#....###.##
###.....#..#
#...##....##
#######..##
##.#


You could see an orc warrior (confused, drained).

Vanquished Creatures
  Gastronok (D:8)
  A two-headed ogre (D:8)
  Joseph (D:8)
  A troll (D:6)
  Prince Ribbit (D:5)
  A spriggan (D:8)
  Sigmund (D:5)
  Grum (D:8)
  A steam dragon (D:7)
  Edmund (D:6)
  Menkaure (D:5)
  2 water moccasins
  3 black bears
  A necrophage (D:5)
  3 wolves (D:8)
  4 centaurs
  5 ogres
  A kobold brigand (D:6)
  A bullfrog (D:8)
  2 scorpions
  A gnoll sergeant (D:7)
  A wyvern skeleton (D:7)
  4 howler monkeys
  A wight (D:8)
  2 centaur zombies
  2 hounds
  4 orc priests
  4 bullfrog zombies
  Crazy Yiuf (D:6)
  A centaur skeleton (D:6)
  2 bullfrog skeletons (D:7)
  A gnoll shaman (D:8)
  2 iguanas
  3 orc wizards
  Terence (D:3)
  Natasha (twice) (D:3)
  A howler monkey zombie (D:5)
  Robin (D:3)
  10 gnolls
  6 adders
  A shadow imp (D:5)
  A white imp (D:7)
  2 ufetubi
  A worm (D:4)
  2 dart slugs
  27 orcs
  4 endoplasms
  2 giant cockroaches
  10 hobgoblins
  3 jackals (D:1)
  4 quokkas
  4 ball pythons
  4 bats
  A frilled lizard (D:5)
  14 goblins
  15 kobolds
  6 rats
184 creatures vanquished.

Notes
Turn   | Place    | Note
-------+----------+-------------------------------------------
     0 | D:1      | Turgor the Demigod Transmuter began the quest for the Orb.
     0 | D:1      | Reached XP level 1. HP: 15/15 MP: 5/5
   274 | D:1      | Reached skill level 2 in Transmutations
   495 | D:1      | Reached XP level 2. HP: 22/22 MP: 7/7
   593 | D:1      | Found Afok's Armour Boutique.
   649 | D:1      | Reached skill level 1 in Fighting
   828 | D:1      | Found Omud's Antique Armour Emporium.
  1282 | D:2      | Reached XP level 3. HP: 28/28 MP: 8/8
  1459 | D:2      | Learned a level 2 spell: Wereblood
  2078 | D:3      | Reached XP level 4. HP: 30/35 MP: 8/10
  2277 | D:3      | Noticed Robin
  2291 | D:3      | Noticed Terence
  2293 | D:3      | Killed Robin
  2294 | D:3      | Reached skill level 1 in Short Blades
  2300 | D:3      | Killed Terence
  2301 | D:3      | Reached skill level 3 in Transmutations
  2301 | D:3      | Reached XP level 5. HP: 4/40 MP: 10/12
  2654 | D:3      | Found Pinarur's Distillery.
  2676 | D:3      | Bought a potion of magic for 104 gold pieces
  2676 | D:3      | Bought a potion of heal wounds for 65 gold pieces
  2868 | D:3      | Noticed Natasha
  2881 | D:3      | Killed Natasha
  3015 | D:3      | Identified a scroll of acquirement
  3042 | D:3      | Noticed Natasha
  3049 | D:3      | Killed Natasha
  3551 | D:4      | Noticed an ogre
  3553 | D:4      | Noticed an ogre
  3566 | D:4      | Killed an ogre
  3567 | D:4      | Reached XP level 6. HP: 48/48 MP: 11/14
  3849 | D:4      | Found a staircase to the Ecumenical Temple.
  3870 | Temple   | Entered the Ecumenical Temple
  3951 | D:4      | Reached skill level 4 in Transmutations
  4731 | D:4      | Learned a level 3 spell: Spider Form
  5089 | D:5      | Entered Level 5 of the Dungeon
  5122 | D:5      | Noticed Menkaure
  5135 | D:5      | Killed Menkaure
  5136 | D:5      | Reached XP level 7. HP: 37/56 MP: 16/16
  5360 | D:5      | Noticed Sigmund
  5370 | D:5      | Killed Sigmund
  5600 | D:5      | Found Rastrekoa's Antique Weapon Boutique.
  5636 | D:5      | Reached skill level 5 in Transmutations
  5882 | D:5      | Noticed Prince Ribbit
  5911 | D:5      | Killed Prince Ribbit
  5912 | D:5      | Reached skill level 5 in Spellcasting
  5912 | D:5      | Reached XP level 8. HP: 52/63 MP: 17/19
  6835 | D:6      | Noticed Edmund
  7134 | D:6      | Reached skill level 6 in Transmutations
  7198 | D:6      | Killed Edmund
  7615 | D:6      | Found a runed translucent door.
  7616 | D:6      | Noticed Crazy Yiuf
  7623 | D:6      | Killed Crazy Yiuf
  7968 | D:6      | Noticed a troll
  7988 | D:6      | Killed a troll
  7989 | D:6      | Reached XP level 9. HP: 16/72 MP: 19/22
  8002 | D:6      | HP: 3/72 [bullfrog zombie (5)]
  8729 | D:7      | Reached skill level 7 in Transmutations
  8741 | D:7      | Learned a level 3 spell: Confusing Touch
  8930 | D:7      | Reached skill level 1 in Hexes
  9322 | D:7      | Identified the ring of Keseu {rPois Will- MP+9 Int+4 Dex+3}
  9707 | D:8      | Noticed Joseph
  9708 | D:8      | Noticed Grum
  9721 | D:8      | Killed Grum
  9734 | D:8      | Reached skill level 5 in Fighting
  9744 | D:8      | Killed Joseph
  9754 | D:8      | Reached skill level 5 in Short Blades
  9780 | D:8      | Noticed Gastronok
 10005 | D:8      | Killed Gastronok
 10006 | D:8      | Reached skill level 8 in Transmutations
 10006 | D:8      | Reached XP level 10. HP: 61/81 MP: 19/25
 10349 | D:8      | Learned a level 2 spell: Passwall
 10352 | D:8      | Learned a level 2 spell: Slow
 10361 | D:8      | Noticed a two-headed ogre
 10387 | D:8      | Killed a two-headed ogre
 11161 | D:9      | HP: 3/83 [orc priest/divine providence (12)]
 11194 | D:9      | HP: 3/83 [orc warrior (7)]
 11204 | D:9      | Slain by an orc warrior

Illustrated notes

Levels and vault maps discovered:
D:1:      roderic_octagonal_star, layout_rooms, serial_shops, shop,
          nicolae_shop_behind_doors
D:2:      layout_loops_ring, ebering_ecumenical_altar_hall
D:3:      layout_basic, old_standard_altar, serial_shops, shop_coins,
          minmay_misc_feat_four_crosses, uniq_robin, uniq_terence, uniq_natasha
D:4:      layout_basic, chequers_temple_overflow_minitemple,
          mainiacjoe_overflow_concentric_impassable, temple_pool_b
D:5:      layout_basic, nicolae_ru_great_annihilating_truth, serial_shops,
          nicolae_shop_statue_plus, uniq_menkaure, uniq_sigmund,
          uniq_prince_ribbit1
D:6:      minmay_cornered_nines, layout_loops_cross, lemuel_round_altar,
          jmf_multi_god_temple, uniq_crazy_yiuf_cottage, uniq_edmund
D:7:      layout_loops_ring, vehumet_altar_wand_db, fedhas_altar_fruit_tree,
          chequers_serial_rivers_room_a, minmay_starry_boxes
D:8:      layout_basic, the_hattery, uniq_joseph, uniq_grum, uniq_gastronok
D:9:      layout_layer_cave, lair_entry_dummy, st_stairs_14
Temple:   nicolae_temple_figure_zero

Skill      XL: |  1  2  3  4  5  6  7  8  9 10 |
---------------+-------------------------------+-----
Transmutations | 2 3 4 5 6 8 |  8.4
Spellcasting   | 2 3 4 5 6 7 |  7.7
Unarmed Combat | 3 |  3.1
Fighting       | 1 2 3 4 5 |  5.6
Dodging        | 2 3 |  3.7
Short Blades   | 1 2 3 4 5 |  5.5
Hexes          | 3 4 |  4.1

Action                   |  1- 3 |  4- 6 |  7- 9 | 10-12 || total
-------------------------+-------+-------+-------+-------++-------
Melee: Unarmed           |    49 |       |       |       ||    49
       Kick              |    14 |    15 |   103 |    29 ||   161
       Dagger            |    68 |   118 |   402 |    76 ||   664
       Headbutt          |     4 |     5 |    78 |    14 ||   101
       Punch             |       |       |     2 |       ||     2
Throw: Dart              |       |    10 |     7 |     4 ||    21
       Stone             |       |     2 |       |       ||     2
 Cast: Beastly Appendage |    12 |     7 |    21 |     6 ||    46
       Wereblood         |     4 |     5 |    13 |     2 ||    24
       Spider Form       |       |       |     1 |       ||     1
       Confusing Touch   |       |       |     2 |     6 ||     8
       Slow              |       |       |       |     1 ||     1
Evoke: Wand              |       |       |     2 |     1 ||     3
  Use: Potion            |       |     2 |       |       ||     2
       Scroll            |       |     3 |     9 |       ||    12
 Stab: Sleeping          |     1 |       |     1 |       ||     2
       Distracted        |     1 |       |       |       ||     1
       Invisible         |       |       |     1 |       ||     1
       Paralysed         |       |       |     1 |       ||     1
       Confused          |       |       |     1 |     1 ||     2
Armor: Robe              |    20 |    22 |    44 |       ||    86
       Steam dragon scal |       |       |    22 |    13 ||    35
Dodge: Dodged            |    65 |    64 |   240 |    51 ||   420
